 Dungeon Crawl Stone Soup version 0.27-a0-379-g34d631faf5 (webtiles) character file.

Game seed: 16426984357585900301

47 Glokmah the Grasshopper (level 3, 0/24 HPs)
             Began as a Halfling Warper on Feb 17, 2021.
             Slain by a rat (1 damage)
             ... on level 1 of the Dungeon.
             The game lasted 00:03:11 (1607 turns).

Glokmah the Grasshopper (Halfling Warper)           Turns: 1607, Time: 00:03:12

Health: 0/24       AC:  3    Str:  9 (12) XL:     3   Next: 97%
Magic:  5/5        EV: 14    Int:  8 (11) God:
Gold:   53         SH:  0    Dex: 11 (14) Spells: 5/5 levels left

rFire    . . .     SeeInvis .   a - +0 short sword
rCold    . . .     Faith    .   (shield restricted)
rNeg     . . .     Spirit   .   b - +0 leather armour
rPois    .         Reflect  .   (no helmet)
rElec    .         Harm     .   (no cloak)
rCorr    .         Rampage  .   (no gloves)
Will     .....                  (no boots)
Stlth    +.........             (no amulet)
HPRegen  0.08/turn              (no ring)
MPRegen  0.09/turn              (no ring)

@: brilliant
A: small, mutation resistance 1
a: no special abilities


You were on level 1 of the Dungeon.
You visited 1 branch of the dungeon, and saw 2 of its levels.

You collected 53 gold pieces.

Inventory:

Hand Weapons
 a - a +0 short sword (weapon)
Missiles
 e - 5 boomerangs of dispersal (quivered)
 h - 41 stones
 i - 42 sling bullets
Armour
 b - a +0 leather armour (worn)


   Skills:
 + Level 2.0 Fighting
 * Level 3.1 Short Blades
 - Level 1.0 Throwing
 + Level 1.6 Armour
 + Level 2.5 Dodging
 + Level 1.0 Stealth
 + Level 1.7 Spellcasting
 * Level 3.7 Translocations


You had 5 spell levels left.
You didn't know any spells.
Your spell library contained the following spells:

 Spells                   Type           Power        Failure   Level
 Blink                    Tloc           N/A          17%         2
 Gell's Gravitas          Tloc           4%           32%         3
 Lesser Beckoning         Tloc           4%           32%         3
 Teleport Other           Tloc           9%           32%         3
 Manifold Assault         Tloc           9%           73%         4


Dungeon Overview and Level Annotations

Branches:
Dungeon (2/15)

Altars:


Innate Abilities, Weirdness & Mutations

You are small and have problems with some larger weapons.
You are somewhat resistant to further mutation.


Message History

The jackal bites you.
* * * LOW HITPOINT WARNING * * *
It was a potion of magic.
Magic courses through your body. The jackal misses you.
It was a potion of degeneration.
There was something very wrong with that liquid.
You feel weakened.
You feel dopey.
You feel clumsy.
The jackal bites you but does no damage.
It was a potion of brilliance.
You feel clever all of a sudden. The jackal misses you.
You hit the jackal.
The jackal is heavily wounded.
The jackal bites you.
* * * LOW HITPOINT WARNING * * *
You miss the jackal.
The jackal is heavily wounded.
The jackal closely misses you.
Sorry, you're not good enough to have a special ability.
You aren't carrying any scrolls.
Unknown command.
You hit the jackal.
The jackal is severely wounded.
The jackal pauses to sniff the ground.
The jackal misses you.
You miss the jackal.
The jackal is severely wounded.
The jackal closely misses you.
The jackal bites you but does no damage.
You hit the jackal but do no damage.
The jackal is severely wounded.
The jackal closely misses you.
You hit the jackal.
You kill the jackal!
The jackal closely misses you.
You hit the jackal.
You kill the jackal!
You barely miss the rat. The rat barely misses you.
You closely miss the rat. The rat bites you.
You die...

###.#####.## #.....†..# #.# #.#
####.##### ### #.# #.# #.# #..
#.# ##'## #.# #.# #.# ##...## #.#
#.# #.###.....## ####.# #.#
###.##.......## ##.##.# #..
....#.........####...#.########..
....'.........'r@........).......
.####.........####...#.########..
## ##.......## ##.##.# #.# #
##.....## ####.# #.# ##..r## #..#
#.# ##'## #.## ###.# #.# #.#
#.... ####.##### #.# #.#.#
######........# #.# #.#.#


You could see a rat.

Vanquished Creatures
  An adder (D:1)
  An ooze (D:1)
  A leopard gecko (D:1)
  9 bats (D:1)
  A giant cockroach (D:1)
  2 goblins (D:1)
  3 hobgoblins (D:1)
  4 jackals (D:1)
  2 kobolds (D:1)
  2 frilled lizards (D:1)
  6 rats
32 creatures vanquished.

Vanquished Creatures (others)
  A plant (D:1)
1 creature vanquished.

Grand Total: 33 creatures vanquished

Notes
Turn   | Place    | Note
-------+----------+-------------------------------------------
     0 | D:1      | Glokmah the Halfling Warper began the quest for the Orb.
     0 | D:1      | Reached XP level 1. HP: 14/14 MP: 3/3
   204 | D:1      | Reached XP level 2. HP: 16/19 MP: 4/4
   516 | D:1      | Reached XP level 3. HP: 14/24 MP: 5/5
  1467 | D:1      | Reached skill level 1 in Stealth
  1599 | D:1      | HP: 1/24 [jackal (1)]
  1607 | D:1      | Slain by a rat

Illustrated notes

Levels and vault maps discovered:
D:1:      eino_arrival_water_star, layout_loops_corners, hangedman_decor_push,
          serial_bayou_pond_b
D:2:      minmay_roachtagon, layout_rooms, nicolae_overflow_crystal_walls,
          nemelex_spade_bored_becter

Skill      XL: |  1  2  3 |
---------------+----------+-----
Short Blades   | 3 |  3.1
Fighting       | 2 |  2.0
Stealth        | 1 |  1.0
Throwing       | |  1.0
Armour         | |  1.6
Dodging        | |  2.5
Spellcasting   | |  1.7
Translocations | |  3.7

Action                   || total
-------------------------++-------
Melee: Short sword       ||   117
  Use: Potion            ||     3
       Scroll            ||     1
 Stab: Sleeping          ||     1
Armor: Leather armour    ||    37
Dodge: Dodged            ||   117

Table legend: (Time is in decaauts)
 A = Elapsed time spent in this place.
 B = Non-inter-level travel time spent in this place.
 C = Inter-level travel time spent in this place.
 D = Time resting spent in this place.
 E = Time spent auto-exploring this place.
 F = Levels seen in this place.
 G = Mean time per level.
                   A        B        C        D        E       F      G
               +--------+--------+--------+--------+--------+-----+--------+
         Total |   1613 |   1523 |     90 |    107 |   1114 |   2 |  806.5 |
       Dungeon |   1613 |   1523 |     90 |    107 |   1114 |   2 |  806.5 |
               +--------+--------+--------+--------+--------+-----+--------+

Top non-repeatable levels by time:
     D:1: 1606 daAuts
     D:2: 7 daAuts
